Map: Newkirk Precinct TE (Void)

Players

Wouane - Winner!

  • Race: Terran Terran
  • League: Diamond
  • Spawn Location: 7:00

Musumeci

  • Race: Zerg Zerg
  • League: Diamond
  • Spawn Location: 5:00

VOD

Have the link to the VOD?

Description

Time

  • Played on: Feb. 11, 2017, 2:38 p.m.
  • Length: 4:03
Show
View Real Time Build Order
Export as new Build Order

Wouane Terran - Winner!

Build Orders:  

Get SALT Encoding   

  12  0:02  SCV  
  14  0:14  SCV  
  14  0:18  Supply Depot  
  14  0:26  SCV  
  15  0:40  SCV  
  16  0:43  Barracks  
  16  0:52  SCV  
  17  1:04  SCV  
  18  1:16  SCV  
  19  1:20  Barracks  
  19  1:28  SCV  
  19  1:30  Marine  
  21  1:35  Bunker, Barracks  
  21  1:40  SCV  
  22  1:48  Marine  
  23  1:56  Bunker  
  23  2:04  Supply Depot  
  23  2:15  Supply Depot  
  23  2:24  Marine  
  23  2:25  Marine  
  23  2:29  Marine  
  25  2:41  Marine  
  25  2:43  Marine  
  26  2:47  Marine  
  27  2:59  Marine  
  27  3:01  Marine  
  27  3:04  Marine  
  28  3:17  Marine  
  28  3:18  Marine  
  30  3:22  Marine  
  31  3:35  Orbital Command, Marine  
  31  3:36  Marine  
  31  3:37  Refinery  
  31  3:39  Refinery  
  31  3:40  Marine  
Show
View Real Time Build Order
Export as new Build Order

Musumeci Zerg 

Build Orders: Pool First 

Get SALT Encoding   

  12  0:00  Drone  
  13  0:08  Drone  
  14  0:18  Drone, Extractor  
  15  0:31  Spawning Pool  
  14  0:40  Overlord  
  14  0:48  Extractor  
  14  0:49  Drone  
  15  1:13  Hatchery  
  14  1:20  Zergling x4  
  16  1:47  Zergling x2  
  16  1:49  Hatchery  
  16  1:51  Zergling x2  
  17  1:57  Zergling x2  
  18  2:01  Zergling x2  
  19  2:16  Zergling x2  
  20  2:25  Queen  
  20  2:26  Zergling x2  
  23  2:32  Zergling x2  
  23  2:33  Zergling x2  
  25  2:38  Zergling x2  
  20  2:59  Zergling x4  
  20  3:03  Queen, Zergling x2  
  25  3:12  Zergling x2  
  19  3:20  Zergling x2  
  19  3:23  Zergling x4  
  21  3:34  Zergling x2  
Tags
 
Add a new tag
Caveats
  • Supply blocks, unpowered buildings, or Contaminate may cause inaccurate times.
  • Supply counts are checked every 10 seconds.